 Dungeon Crawl Stone Soup version 0.19.5 (webtiles) character file.

670 Zhenya24pyc the Cudgeler (level 7, -3/44 HPs)
             Began as a Gargoyle Fighter on May 3, 2017.
             Was a Believer of Okawaru.
             Slain by an orc warrior
             ... wielding a +0 long sword
              (9 damage)
             ... on level 6 of the Dungeon.
             The game lasted 00:06:11 (3776 turns).

Zhenya24pyc the Cudgeler (Gargoyle Fighter)         Turns: 3776, Time: 00:06:12

Health: -3/44      AC: 13    Str: 26    XL:     7   Next: 58%
Magic:  7/7        EV:  7    Int:  8    God:    Okawaru [**....]
Gold:   212        SH: 10    Dex: 10    Spells: 0 memorised, 6 levels left

rFire  + . .     SeeInvis .     a - +0 flail
rCold  . . .     Gourm    .     y - +1 scale mail {rF+}
rNeg   + . .     Faith    .     c - +0 shield
rPois  ∞         Spirit   .     (no helmet)
rElec  +         Reflect  .     (no cloak)
rCorr  .         Harm     .     (no gloves)
MR     .....                    (no boots)
Stlth  ..........               e - amulet of magic regeneration
                                (no ring)
                                (no ring)

@: mighty
A: negative energy resistance 1, electricity resistance, unbreathing,
petrification resistance, rot immunity, AC +4
a: Heroism, Renounce Religion


You were on level 6 of the Dungeon.
You worshipped Okawaru.
Okawaru was pleased with you.
You were hungry.

You visited 2 branches of the dungeon, and saw 7 of its levels.

You collected 212 gold pieces.

Inventory:

Hand Weapons
 a - a +0 flail (weapon)
Armour
 c - a +0 shield (worn)
 y - a +1 scale mail of fire resistance (worn)
Jewellery
 e - an amulet of magic regeneration (around neck)
Scrolls
 b - a scroll of immolation {unknown}
 h - 3 scrolls of identify
 l - a scroll of teleportation {unknown}
 n - 2 scrolls of remove curse
 p - a scroll of random uselessness {unknown}
 r - a scroll of enchant armour {unknown}
 u - a scroll of noise {unknown}
 w - a scroll of enchant weapon {unknown}
Potions
 g - a potion of heal wounds {unknown}
 i - 3 potions of resistance {unknown}
 k - 3 potions of brilliance {unknown}
 m - 2 potions of degeneration
 o - a potion of flight {unknown}
 s - a potion of curing {unknown}
 t - a potion of magic {unknown}
Comestibles
 f - 6 bread rations
 j - 2 meat rations
 q - 2 fruits


   Skills:
 + Level 4.3 Fighting
 * Level 6.8 Maces & Flails
 + Level 4.4 Armour
 + Level 4.2 Shields
 + Level 0.7 Invocations


You had 6 spell levels left.
You didn't know any spells.

Dungeon Overview and Level Annotations

Branches:
Dungeon (6/15)             Temple (1/1) D:5

Altars:
Cheibriados
Dithmenos
Elyvilon
Fedhas
Gozag
Hepliaklqana
Kikubaaqudgha
Makhleb
Nemelex Xobeh
Okawaru
Qazlal
Sif Muna
Trog
Uskayaw
Vehumet
Xom
Yredelemnul
Zin
The Shining One


Innate Abilities, Weirdness & Mutations

You are resistant to torment.
Your stone body is resilient. (AC +4)
You are immune to poison.
You resist negative energy. (rN+)
You are resistant to electric shocks. (rElec)
You can survive without breathing.
You are immune to petrification.
You are immune to rotting.


Message History

You barely miss the orc warrior.
The orc priest casts a cantrip, but nothing happens.
The orc warrior hits you with a long sword.
* * * LOW HITPOINT WARNING * * *
You closely miss the orc warrior. You block the orc warrior's attack.
You thump the orc warrior!
The orc warrior is moderately wounded.
You block the orc warrior's attack.
Your shield and scale mail prevent you from hitting the orc warrior.
The orc warrior is moderately wounded.
You barely miss the orc warrior.
The orc warrior is moderately wounded.
The orc warrior closely misses you.
You hit the orc warrior.
The orc warrior is moderately wounded.
The orc warrior barely misses you.
You barely miss the orc warrior.
The orc warrior is moderately wounded.
The orc warrior hits you with a long sword!
You die...

###. #.## #.. #..#
... . #..# #.# ..
...# #.# #..#
##.##########.# ....
##.#...#......####oo#
##.#.......).!..@o.o#
##(......##########o#
.........# ##......)#
.......#.# ...#...#.#
#####.##.# #.##.# .#


You could see an orc warrior, an orc priest, an orc wizard and 2 orcs.

Vanquished Creatures
  The ghost of Zhenya24pyc the Cudgeler, an amateur GrFi (D:4)
  The ghost of Zhenya24pyc the Cudgeler, an amateur GrFi (D:5)
  A bullfrog (D:3)
  An orc priest (D:4)
  An orc wizard (D:4)
  A bullfrog skeleton (D:4)
  An iguana (D:4)
  2 worker ants (D:4)
  8 adders
  An ooze (D:1)
  An adder skeleton (D:5)
  A worm (D:2)
  3 dart slugs
  3 leopard geckos
  8 orcs (D:4)
  2 ball pythons
  5 bats
  7 giant cockroaches
  7 goblins
  10 hobgoblins
  2 jackals (D:4)
  5 kobolds
  A frilled lizard (D:1)
  A leopard gecko skeleton (D:4)
  5 rats
  A bush (D:3)
  A plant (D:1)
81 creatures vanquished.

Notes
Turn   | Place    | Note
-------+----------+-------------------------------------------
     0 | D:1      | Zhenya24pyc the Gargoyle Fighter began the quest for the Orb.
     0 | D:1      | Reached XP level 1. HP: 14/14 MP: 1/1
    47 | D:1      | Found a snail-covered altar of Cheibriados.
   100 | D:1      | Reached XP level 2. HP: 15/19 MP: 2/2
   125 | D:1      | Reached skill level 3 in Maces & Flails
   378 | D:1      | Reached XP level 3. HP: 22/23 MP: 3/3
   842 | D:2      | Reached skill level 4 in Maces & Flails
  1048 | D:2      | Reached XP level 4. HP: 24/28 MP: 4/4
  1875 | D:3      | Found a blossoming altar of Fedhas.
  1966 | D:3      | Noticed a bullfrog
  1976 | D:3      | Killed a bullfrog
  1976 | D:3      | Reached skill level 5 in Maces & Flails
  1976 | D:3      | Reached XP level 5. HP: 21/32 MP: 5/5
  2405 | D:3      | Found a basalt altar of Yredelemnul.
  2405 | D:3      | Found an iron altar of Okawaru.
  2407 | D:3      | Found a snail-covered altar of Cheibriados.
  2487 | D:3      | Became a worshipper of Warmaster Okawaru
  2513 | D:4      | Noticed Zhenya24pyc's ghost (amateur GrFi)
  2542 | D:4      | Killed Zhenya24pyc's ghost
  2542 | D:4      | Reached * piety under Okawaru
  2542 | D:4      | Reached skill level 6 in Maces & Flails
  2542 | D:4      | Reached XP level 6. HP: 26/38 MP: 6/6
  2661 | D:4      | Reached XP level 7. HP: 22/43 MP: 7/7
  2839 | D:4      | Reached ** piety under Okawaru
  2888 | D:4      | Found an opulent altar of Gozag.
  3224 | D:5      | Entered Level 5 of the Dungeon
  3226 | D:5      | Noticed Zhenya24pyc's ghost (amateur GrFi)
  3259 | D:5      | Killed Zhenya24pyc's ghost
  3520 | D:5      | Found a staircase to the Ecumenical Temple.
  3572 | Temple   | Entered the Ecumenical Temple
  3776 | D:6      | Slain by an orc warrior

Skill      XL: |  1  2  3  4  5  6 |
---------------+-------------------+-----
Maces & Flails | 3 4 5 6 |  6.8
Fighting       | 4 |  4.3
Armour         | 4 |  4.4
Shields        | 4 |  4.2
Invocations    | |  0.7

Action                   |  1- 3 |  4- 6 |  7- 9 || total
-------------------------+-------+-------+-------++-------
Melee: Flail             |   184 |   235 |   101 ||   520
  Use: Scroll            |       |       |     2 ||     2
       Potion            |       |       |     1 ||     1
  Eat: Chunk             |     1 |     6 |     1 ||     8
       Pizza             |       |       |     1 ||     1
Armor: Scale mail        |    81 |    69 |    35 ||   185
Dodge: Dodged            |    51 |    44 |    26 ||   121
Block: Shield            |    76 |    75 |    39 ||   190
